Description

go 1 proxy barrack and 1 proxy Factory, get the factory on the barracks reactor..

Replay - lIIllllIIlll v Zest: Game 3 - Lost and Found LE

Build Order

Get SALT Encoding   

  12  0:00  SCV  
  13  0:12  SCV  
  14  0:17  Supply Depot  
  14  0:24  SCV  
  15  0:39  SCV  
  15  0:41  Barracks  
  16  0:45  Refinery  
  16  0:51  SCV  
  16  0:55  Refinery  
  17  1:03  SCV  
  18  1:15  SCV  
  19  1:27  Orbital Command, Reaper  
  20  1:35  Supply Depot  
  20  1:42  Factory  
  20  1:53  SCV  
  21  2:00  Barracks Reactor  
  21  2:05  SCV  
  22  2:09  Factory  
  22  2:17  SCV  
  23  2:25  Factory Tech Lab  
  24  2:30  Supply Depot  
  24  2:35  Marine x2  
  27  2:44  Cyclone  
  30  2:52  Mag-Field Accelerator  
  30  3:00  Widow Mine x2, Marine  
  30  3:04  Supply Depot  
  36  3:18  Cyclone  
  39  3:25  Marine  
  39  3:26  Widow Mine x2  
  42  3:31  Supply Depot  
  44  3:44  Marine  
  44  3:57  Bunker  
  44  4:01  Cyclone  
  46  4:02  Widow Mine x2  
  43  4:22  Bunker x2  
  42  4:25  Widow Mine  
  42  4:29  Marine  
  46  4:49  Widow Mine, Cyclone  
  47  4:58  Marine  
  51  5:14  Widow Mine x2  
  51  5:16  Marine  
  52  5:23  Cyclone  
  55  5:35  Marine  
  55  5:54  Marine  
Spawning Tool Build Advisor. Get it on Overwolf

Analysis

It should work pretty good vs toss, if it doesn't I'm sorry

Go to:

Details

  • Created by: Serit
  • Published on: Dec 28, 2018
  • Modified on: Dec 28, 2018
  • Patch: 4.7.1
Show
View Real Time Build Order
Export as new Build Order

Comments (0)

There are no comments. Be the first!

Create an account to comment!